 Dungeon Sprint DCSS version 0.30-a0-459-g9104f0fc43 (webtiles) character file.

Game seed: 2019982561018709875

49065 mhtbhm the Hoplite (level 14, -2/137 HPs)
             Began as a Minotaur Fighter on Dec 15, 2022.
             Was the Champion of Qazlal.
             Killed from afar by a Hell Sentinel (40 damage)
             ... with damnation
             ... in the Dungeon (Sprint V: "Ziggurat Sprint") on Dec 16, 2022.
             The game lasted 00:12:54 (1569 turns).

mhtbhm the Hoplite (Minotaur Fighter)               Turns: 1569, Time: 00:12:55

Health: -2/137     AC: 37    Str: 38    XL:     14   Next: 14%
Magic:  9/26       EV:  3    Int:  5    God:    Qazlal [******]
Gold:   0          SH: 42    Dex:  6    Spells: 13/13 levels left

rFire   + + .      SeeInvis .    a - +8 lance "Wyrmbane" {slay drac, rPois rF+ rC+ AC+3}
rCold   + + +      Faith    +    c - +18 shield of the Gong {rElec rN+ Will+ EV-5}
rNeg    + . .      Spirit   .    b - +5 gold dragon scales
rPois   +          Reflect  .    (helmet restricted)
rElec   +          Harm     .    A - +0 cloak {Stlth+}
rCorr   +          Rampage  .    w - +2 pair of gloves of the Game of Kings {+Inv Dex-4 Stlth+}
Will    ++...      NoTele   +    (no boots)
Stlth   ..........               E - amulet of Loudim {Faith rPois rC+ Regen+ rCorr}
HPRegen 1.22/turn                x - +6 ring of strength
MPRegen 0.20/turn                y - +6 ring of strength

@: protected from physical damage, repel missiles
A: horns 2, retaliatory headbutt
a: Renounce Religion, Evoke Invisibility, Upheaval, Elemental Force, Disaster
Area


You were in the Dungeon.
You worshipped Qazlal.
Qazlal was exalted by your worship.
You visited 1 branch

Inventory:

Hand Weapons
 a - the +8 lance "Wyrmbane" (weapon) {slay drac, rPois rF+ rC+ AC+3}
   (You found it in the Dungeon)

   It inflicts extra damage against dragons and draconians.
   AC:        It affects your AC (+3).
   rF:        It protects you from fire.
   rC:        It protects you from cold.
   rPois:     It protects you from poison.
Armour
 b - +5 gold dragon scales (worn)
 c - the +18 shield of the Gong (worn) {rElec rN+ Will+ EV-5}
   (You found it in the Dungeon)

   It is deafeningly noisy when blocking attacks.
   EV:        It affects your evasion (-5).
   rElec:     It insulates you from electricity.
   rN:        It protects you from negative energy.
   Will:      It increases your willpower.
 w - the +2 pair of gloves of the Game of Kings (worn) {+Inv Dex-4 Stlth+}
   (You found it in the Dungeon)

   Dex:       It affects your dexterity (-4).
   +Inv:      It lets you turn invisible.
   Stlth:     It makes you more stealthy.
 A - a +0 cloak of stealth (worn)
Jewellery
 u - the ring "Zuh Gah" {Fly rC+ rN+ Dex+6}
   (You found it in the Dungeon)

   [ring of dexterity]

   Dex:       It affects your dexterity (+6).
   rC:        It protects you from cold.
   rN:        It protects you from negative energy.
   Fly:       It grants you flight.
 x - a +6 ring of strength (left hand)
 y - a +6 ring of strength (right hand)
 D - the ring "Tecasuru" {rN++ MP+9 Dex-5}
   (You found it in the Dungeon)

   [ring of magical power]

   Dex:       It affects your dexterity (-5).
   rN:        It greatly protects you from negative energy.
   MP:        It affects your magic capacity (+9).
 E - the amulet of Loudim (around neck) {Faith rPois rC+ Regen+ rCorr}
   (You found it in the Dungeon)

   [amulet of faith]

   It allows you to gain divine favour quickly.
   rC:        It protects you from cold.
   rPois:     It protects you from poison.
   Regen:     It increases your rate of health regeneration.
   rCorr:     It protects you from acid and corrosion.
 F - a ring of see invisible
Wands
 z - a wand of mindburst (2)
Scrolls
 j - a scroll of blinking
 o - 4 scrolls of amnesia
 p - 7 scrolls of fog
 q - 5 scrolls of identify
 r - a scroll of fear
 t - 2 scrolls of brand weapon
 G - 4 scrolls of enchant armour
Potions
 d - 7 potions of might
 e - 8 potions of curing
 f - 4 potions of heal wounds
 g - 9 potions of haste
 h - 7 potions of magic
 i - 2 potions of berserk rage
 k - 2 potions of brilliance
 l - a potion of invisibility
 m - 4 potions of resistance
 n - a potion of experience
Miscellaneous
 s - a phantom mirror
 v - a box of beasts
 B - a lightning rod (4/4)
 C - a condenser vane
 I - a tin of tremorstones (2/2)


   Skills:
 + Level 16.1 Fighting
 + Level 16.8 Polearms
 + Level 16.9 Armour
 + Level 9.7 Stealth
 + Level 26.1 Shields
 * Level 19.2 Invocations
 + Level 8.5 Evocations


You had 13 spell levels left.
You didn't know any spells.
Your spell library contained the following spells:

 Spells                   Type           Power      Damage    Failure   Level
 Foxfire                  Conj/Fire      0%         2x1d4     99%         1
 Magic Dart               Conj           0%         1d3       99%         1
 Call Imp                 Summ           0%         N/A       100%        2
 Cigotuvi's Dreadful Rot  Necr/Pois/Air  0%         N/A       100%        2
 Scorch                   Fire           0%         2d5       100%        2
 Frozen Ramparts          Ice            0%         1d1       100%        3
 Ignite Poison            Fire/Tmut/Pois 0%         N/A       100%        3
 Inner Flame              Hex/Fire       0%         N/A       100%        3
 Kindle Blastsparks       Fire/Tloc/Air  0%         2d10      100%        3
 Mephitic Cloud           Conj/Pois/Air  0%         N/A       100%        3
 Animate Armour           Summ/Erth      0%         N/A       100%        4
 Dispel Undead            Necr           0%         3d6       100%        4
 Flame Wave               Conj/Fire      0%         2d4       100%        4
 Ice Form                 Ice/Tmut       0%         N/A       100%        4
 Petrify                  Tmut/Erth      0%         N/A       100%        4
 Sticky Flame             Conj/Fire      0%         2d3       100%        4
 Summon Ice Beast         Ice/Summ       0%         N/A       100%        4
 Fireball                 Conj/Fire      0%         3d3       100%        5
 Freezing Cloud           Conj/Ice/Air   0%         6-21      100%        5
 Death Channel            Necr           0%         N/A       100%        6
 Starburst                Conj/Fire      0%         6d3       100%        6
 Borgnjor's Revivificati  Necr           0%         N/A       100%        8
 Necromutation            Tmut/Necr      0%         N/A       100%        8
 Death's Door             Necr           0%         N/A       100%        9
 Shatter                  Erth           0%         3d5*      100%        9


Dungeon Overview and Level Annotations

Branches:
Dungeon (1/1)

Altars:
Ashenzari
Cheibriados
Dithmenos
Elyvilon
Fedhas
Gozag
Hepliaklqana
Kikubaaqudgha
Makhleb
Nemelex Xobeh
Okawaru
Qazlal
Ru
Sif Muna
Trog
Uskayaw
Vehumet
Wu Jian
Xom
Yredelemnul
Zin
The Shining One
Jiyva
Lugonu

Annotations:
D 1 transporter


Innate Abilities, Weirdness & Mutations

You have a pair of horns on your head.
You reflexively headbutt those who attack you in melee.


Message History

You block the iron golem's attack.
GONNNNG!
Unknown command.
You feel much better.
Your water elemental disappears in a puff of smoke!
You block the iron golem's attack.
BONNNG!
You block the iron golem's attack.
GONNNNG!
The Hell Sentinel gestures at you. The iron shot hits you!!!
* * * LOW HITPOINT WARNING * * *
The iron golem hits you but does no damage.
The iron golem hits you.
* * * LOW HITPOINT WARNING * * *
You feel more protected from physical attacks.
Unknown command.
Blink to where?
Press: ? - help, Dir - move target
As you read the scroll of blinking, it crumbles to dust.
Unknown command.
You feel much better.
Unknown command.
Aiming: Upheaval
Press: ? - help, Dir - move target, f - iron golem
Aim: an iron golem (lightly damaged)
Okay, then.
Aiming: Upheaval
Press: ? - help, Dir - move target, f - iron golem
Aim: an iron golem (lightly damaged) Magma suddenly erupts from the ground!
The blast of magma engulfs the iron golem!
The iron golem partially resists.
The iron golem is moderately damaged.
The blast of magma engulfs the iron golem but does no damage.
The iron golem is lightly damaged.
You hear a sizzling sound!
The Hell Sentinel gestures at you.
The sphere of damnation explodes!
The damnation engulfs you!!!
You die...

▓▓▓▓▓▓▓▓▓▓▓▓▓▓▓▓▓▓▓▓
▓....8©8....▓▓.8©8.▓
▓..[.:.)[}..▓▓..==.▓
▓..|.=..≈|..▓▓..)..▓
▓....≈.≈≈9..▓▓.....▓
▓.○)..≈9≈1..▓▓..)..▓
▓○.○°.≈○≈§..▓▓...†.▓
▓.§@○.9§§§..▓▓..©..▓
▓..▓○.§§.▓..▓▓▓▓▓▓▓▓
▓.▓.▓○.☼▓.▓.▓..8©8..
▓..▓.)§§.▓..▓..|.)..
▓.....©.....▓.......
▓▓▓▓▓▓▓▓▓▓▓▓▓.......
▓....8©8....▓.......
▓..).).[)[..▓.▓....▓
▓...=..)|...▓...©...


You could see 2 iron golems, a Hell Sentinel and a war gargoyle.

Vanquished Creatures
  A royal mummy (D)
  A caustic shrike (D)
  An iron giant (D)
  3 liches (D)
  2 deep elf master archers (D)
  3 ancient champions (D)
  2 war gargoyles (D)
  3 stone giants (D)
  2 mummy priests (D)
  4 yaktaur captains (D)
  10 vault guards (D)
  2 centaur warriors (D)
  A radroach (D)
  An ironbound frostheart (D)
  2 death scarabs (D)
  A steelbarb worm (D)
  2 ironbound convokers (D)
  A wolf spider (D)
  2 draconians (D)
  4 toenail golems (D)
  A vault sentinel (D)
  A black mamba (D)
  A smoke demon (D)
  2 hellions (D)
  A demonic crawler (D)
  3 yaktaurs (D)
  2 guardian mummies (D)
  5 hornets (D)
  A spriggan (D)
  A yak (D)
  A culicivora (D)
  3 ushabtiu (D)
  A fire elemental (D)
  A redback (D)
  A large abomination (D)
  A hell hound (D)
  A water moccasin (D)
  3 black bears (D)
  2 centaurs (D)
  A crimson imp (D)
  A quasit (D)
  An iron imp (D)
  An iguana (D)
  7 mummies (D)
  An adder (D)
  2 river rats (D)
  2 white imps (D)
  An ufetubus (D)
  An adder skeleton (D)
  3 ball pythons (D)
  A jackal (D)
  A ball python zombie (D)
103 creatures vanquished.

Vanquished Creatures (collateral kills)
  A pandemonium lord (D)
  An ancient champion (D)
  A sun demon (D)
  A rust devil (D)
  A quasit (D)
  An ufetubus (D)
6 creatures vanquished.

Vanquished Creatures (others)
  A fire vortex (D)
1 creature vanquished.

Grand Total: 110 creatures vanquished

Notes
Turn   | Place    | Note
-------+----------+-------------------------------------------
     0 | D        | mhtbhm the Minotaur Fighter began the quest for the Orb.
     0 | D        | Reached XP level 1. HP: 19/19 MP: 0/0
     0 | D        | Found a shimmering blue altar of Sif Muna.
     0 | D        | Found a bloodstained altar of Trog.
     0 | D        | Found a sacrificial altar of Ru.
     0 | D        | Found a stormy altar of Qazlal.
     0 | D        | Found an iron altar of Okawaru.
     1 | D        | Found a sparkling altar of Nemelex Xobeh.
     1 | D        | Found a blossoming altar of Fedhas.
     1 | D        | Found the +6 Majin-Bo {vamp, MP+6 Int+6}
     1 | D        | Found the +27 heavy crossbow "Sniper" {vorpal, Acc+∞ SInv}
     1 | D        | Found the +10 dark maul {vorpal}
     1 | D        | Found the +15 Maxwell's patent armour {-Cast -Tele rElec
                  | Will+ rCorr}
     1 | D        | Found the +18 shield of the Gong {rElec rN+ Will+ EV-5}
     1 | D        | Found the +14 obsidian axe {vorpal, Mesm Drain Fly SInv}
     1 | D        | Found the +7 great mace "Firestarter" {inner flame, rF++}
     1 | D        | Found the +6 shillelagh "Devastator" {shatter}
     1 | D        | Found the +11 plutonium sword {Contam Stlth-}
     1 | D        | Found the +8 lance "Wyrmbane" {slay drac, rPois rF+ rC+
                  | AC+3}
     1 | D        | Found the +9 sword of Zonguldrok {reap}
     1 | D        | Found the +13 scythe of Curses {drain, Drain}
     1 | D        | Found the +5 sword of Power {vorpal}
     1 | D        | Found the +7 mace of Variability {chain chaos}
     1 | D        | Found the +7 Singing Sword {vorpal, sonic wave}
     1 | D        | Found the +8 storm bow {elec, penet}
     3 | D        | Found a transporter.
     3 | D        | Found an ancient bone altar of Kikubaaqudgha.
     3 | D        | Found a viscous altar of Jiyva.
     3 | D        | Found a corrupted altar of Lugonu.
     3 | D        | Found a hazy altar of Hepliaklqana.
     3 | D        | Found a burning altar of Makhleb.
     3 | D        | Found an opulent altar of Gozag.
   102 | D        | Became a worshipper of Qazlal Stormbringer
   111 | D        | Entered arena 2.
   111 | D        | Noticed a draconian
   111 | D        | Noticed a draconian
   111 | D        | Found a transporter.
   123 | D        | Killed a draconian
   124 | D        | Reached skill level 5 in Polearms
   124 | D        | Reached skill level 9 in Shields
   124 | D        | Reached XP level 2. HP: 37/37 MP: 1/1
   124 | D        | Reached XP level 3. HP: 42/42 MP: 2/2
   124 | D        | Reached XP level 4. HP: 50/50 MP: 3/3
   124 | D        | Reached XP level 5. HP: 57/57 MP: 4/4
   124 | D        | Reached XP level 6. HP: 63/63 MP: 5/5
   126 | D        | Killed a draconian
   127 | D        | Reached skill level 10 in Fighting
   127 | D        | Reached skill level 11 in Shields
   127 | D        | Reached XP level 7. HP: 73/73 MP: 6/6
   227 | D        | Entered arena 3.
   227 | D        | Noticed a fire elemental
   227 | D        | Found a transporter.
   237 | D        | Reached * piety under Qazlal
   240 | D        | Killed a fire elemental
   247 | D        | Got the ring "Vealai" {AC+4 Int+3}
   269 | D        | Entered arena 4.
   269 | D        | Noticed a spriggan
   269 | D        | Found a transporter.
   277 | D        | Killed a spriggan
   278 | D        | Reached XP level 8. HP: 77/82 MP: 7/7
   281 | D        | Reached ** piety under Qazlal
   282 | D        | Reached skill level 12 in Shields
   282 | D        | Reached skill level 1 in Invocations
   306 | D        | Entered arena 5.
   306 | D        | Noticed a toenail golem
   306 | D        | Noticed a toenail golem
   306 | D        | Noticed a toenail golem
   306 | D        | Noticed a toenail golem
   306 | D        | Found a transporter.
   315 | D        | Killed a toenail golem
   322 | D        | Killed a toenail golem
   322 | D        | Reached *** piety under Qazlal
   323 | D        | Reached skill level 13 in Shields
   323 | D        | Reached XP level 9. HP: 83/90 MP: 8/11
   328 | D        | Killed a toenail golem
   329 | D        | Reached skill level 10 in Polearms
   329 | D        | Reached skill level 5 in Invocations
   339 | D        | Killed a toenail golem
   340 | D        | Reached skill level 14 in Shields
   346 | D        | Got the ring "Zuh Gah" {Fly rC+ rN+ Dex+6}
   357 | D        | Entered arena 6.
   357 | D        | Found a transporter.
   365 | D        | Reached **** piety under Qazlal
   379 | D        | Got the Compendium of Earthen Filth
   384 | D        | Entered arena 7.
   384 | D        | Noticed a smoke demon
   385 | D        | Found a transporter.
   387 | D        | Reached ***** piety under Qazlal
   392 | D        | Killed a smoke demon
   417 | D        | Entered arena 8.
   417 | D        | Noticed a black mamba
   418 | D        | Found a transporter.
   423 | D        | Killed a black mamba
   424 | D        | Reached skill level 15 in Shields
   429 | D        | Reached ****** piety under Qazlal
   440 | D        | Got the +2 pair of gloves of the Game of Kings {+Inv Dex-4
                  | Stlth+}
   448 | D        | Entered arena 9.
   448 | D        | Noticed a sun demon
   448 | D        | Noticed Paalatiot the pandemonium lord
   448 | D        | Noticed a rust devil
   455 | D        | Reached XP level 10. HP: 94/99 MP: 8/14
   481 | D        | Killed a rust devil
   482 | D        | Reached skill level 1 in Stealth
   490 | D        | Killed Paalatiot the pandemonium lord
   491 | D        | Reached skill level 17 in Shields
   491 | D        | Reached XP level 11. HP: 45/107 MP: 5/17
   494 | D        | Found a transporter.
   494 | D        | Killed a sun demon
   495 | D        | Reached skill level 18 in Shields
   495 | D        | Reached skill level 10 in Invocations
   672 | D        | Entered arena 10.
   672 | D        | Noticed a vault guard
   672 | D        | Noticed an ironbound convoker
   672 | D        | Noticed a vault guard
   672 | D        | Noticed a vault guard
   672 | D        | Noticed an ironbound frostheart
   672 | D        | Noticed an ironbound convoker
   674 | D        | Killed an ironbound convoker
   674 | D        | Killed an ironbound convoker
   674 | D        | Killed a vault guard
   675 | D        | Found a transporter.
   676 | D        | Killed an ironbound frostheart
   680 | D        | Killed a vault guard
   684 | D        | Killed a vault guard
   685 | D        | Reached skill level 19 in Shields
   734 | D        | Got the ring "Tecasuru" {rN++ MP+9 Dex-5}
   753 | D        | Entered arena 11.
   753 | D        | Noticed a death scarab
   753 | D        | Noticed a death scarab
   753 | D        | Noticed a mummy priest
   758 | D        | Killed a death scarab
   759 | D        | Reached skill level 15 in Polearms
   759 | D        | Reached skill level 5 in Evocations
   759 | D        | Found a transporter.
   762 | D        | Killed a mummy priest
   765 | D        | Reached XP level 12. HP: 114/117 MP: 18/20
   767 | D        | Killed a death scarab
   787 | D        | Got Sif Muna's Anthology of Kindling
   797 | D        | Got the Almanac of the New World
   800 | D        | Entered arena 12.
   800 | D        | Noticed a mummy priest
   801 | D        | Noticed a royal mummy
   803 | D        | Found a transporter.
   812 | D        | Noticed a death scarab
   812 | D        | Noticed a death scarab
   815 | D        | Noticed a death scarab
   815 | D        | Noticed a death scarab
   815 | D        | Noticed a death scarab
   815 | D        | Noticed a death scarab
   816 | D        | Noticed an emperor scorpion
   816 | D        | Noticed an emperor scorpion
   820 | D        | Killed a mummy priest
   821 | D        | Noticed a death scarab
   821 | D        | Noticed a death scarab
   821 | D        | Noticed a death scarab
   821 | D        | Noticed a death scarab
   824 | D        | Noticed a death scarab
   825 | D        | Noticed a death scarab
   825 | D        | Noticed a death scarab
   825 | D        | Noticed a death scarab
   826 | D        | Noticed a death scarab
   826 | D        | Noticed a death scarab
   834 | D        | Noticed a death scarab
   834 | D        | Noticed a death scarab
   834 | D        | Noticed a death scarab
   834 | D        | Killed a royal mummy
   835 | D        | Reached skill level 15 in Armour
   835 | D        | Reached skill level 20 in Shields
  1081 | D        | Entered arena 13.
  1081 | D        | Noticed a radroach
  1092 | D        | Reached skill level 21 in Shields
  1112 | D        | Killed a radroach
  1113 | D        | Found a transporter.
  1119 | D        | Got the amulet of Loudim {Faith rPois rC+ Regen+ rCorr}
  1147 | D        | Entered arena 14.
  1147 | D        | Noticed a deep elf master archer
  1147 | D        | Noticed a stone giant
  1147 | D        | Noticed a yaktaur captain
  1148 | D        | Noticed a deep elf master archer
  1148 | D        | Noticed a stone giant
  1148 | D        | Noticed a yaktaur captain
  1148 | D        | Noticed a centaur warrior
  1148 | D        | Noticed a centaur warrior
  1150 | D        | Noticed a yaktaur captain
  1151 | D        | HP: 1/118 [stone giant/large rock (31)]
  1151 | D        | Noticed a yaktaur captain
  1153 | D        | Killed a centaur warrior
  1153 | D        | Killed a centaur warrior
  1153 | D        | Killed a deep elf master archer
  1154 | D        | Reached skill level 15 in Fighting
  1154 | D        | Reached skill level 22 in Shields
  1154 | D        | Killed a stone giant
  1154 | D        | Killed a deep elf master archer
  1154 | D        | Killed a yaktaur captain
  1154 | D        | Killed a yaktaur captain
  1154 | D        | Killed a stone giant
  1154 | D        | Killed a yaktaur captain
  1155 | D        | Reached skill level 23 in Shields
  1155 | D        | Reached skill level 15 in Invocations
  1155 | D        | Reached XP level 13. HP: 14/127 MP: 5/23
  1254 | D        | Found a transporter.
  1399 | D        | Entered arena 15.
  1400 | D        | Noticed a stone giant
  1400 | D        | Noticed a lich
  1400 | D        | Noticed a lich
  1401 | D        | Noticed a lich
  1403 | D        | Killed a stone giant
  1403 | D        | Killed a lich
  1404 | D        | Reached skill level 24 in Shields
  1410 | D        | Killed a lich
  1414 | D        | Found a transporter.
  1423 | D        | Killed a lich
  1424 | D        | Reached skill level 25 in Shields
  1471 | D        | Got the ring "Juil Vof" {rN+ Will+ Int+5 Dex+3 Stlth+}
  1516 | D        | Entered arena 16.
  1516 | D        | Noticed a caustic shrike
  1516 | D        | Noticed a war gargoyle
  1516 | D        | Noticed a war gargoyle
  1516 | D        | Noticed a war gargoyle
  1516 | D        | Noticed an iron golem
  1517 | D        | Noticed an ancient champion
  1517 | D        | Noticed an ancient champion
  1517 | D        | Noticed an ancient champion
  1518 | D        | Noticed an ancient champion
  1519 | D        | Noticed a Hell Sentinel
  1520 | D        | Noticed an iron giant
  1520 | D        | Noticed an iron golem
  1528 | D        | Killed an ancient champion
  1529 | D        | Killed a caustic shrike
  1536 | D        | Found a transporter.
  1538 | D        | Killed an ancient champion
  1538 | D        | Killed an iron giant
  1538 | D        | Killed a war gargoyle
  1538 | D        | Killed an ancient champion
  1538 | D        | Killed a war gargoyle
  1539 | D        | Reached skill level 26 in Shields
  1539 | D        | Reached XP level 14. HP: 84/137 MP: 13/26
  1553 | D        | Killed an ancient champion
  1569 | D        | Killed from afar by a Hell Sentinel

Illustrated notes

Levels and vault maps discovered:
D:        sprint_v [room_start, room_1, room_2, room_3, room_4, room_5, room_6,
          room_7, room_8, room_9, room_10, room_11, room_12, room_13, room_14,
          room_15, room_16, room_17, room_18, room_19, room_20, room_21,
          room_22, room_23, room_24, room_25, room_26, room_27]

Skill      XL: |  1  2  3  4  5  6  7  8  9 10 11 12 13 |
---------------+----------------------------------------+-----
Fighting       | 9 10 11 12 13 14 15 16 | 16.1
Polearms       | 5 6 7 9 12 14 15 16 | 16.8
Armour         | 9 11 12 13 14 16 | 16.9
Shields        | 9 11 13 15 17 19 23 26 | 26.1
Evocations     | 2 3 4 5 6 8 |  8.5
Invocations    | 4 6 9 12 15 19 | 19.2
Stealth        | 7 9 |  9.7

Action                   |  1- 3 |  4- 6 |  7- 9 | 10-12 | 13-15 || total
-------------------------+-------+-------+-------+-------+-------++-------
Melee: Lance             |     5 |     3 |   109 |   107 |    52 ||   276
       Headbutt          |       |       |    18 |    27 |     8 ||    53
Invok: Elemental Force   |       |       |     1 |     1 |     2 ||     4
       Disaster Area     |       |       |       |     5 |     3 ||     8
       Upheaval          |       |       |       |       |     1 ||     1
Evoke: Wand              |     5 |       |       |     2 |     5 ||    12
       Phantom mirror    |       |       |     1 |     3 |     2 ||     6
       Condenser vane    |       |       |     1 |     5 |     4 ||    10
       Lightning rod     |       |       |       |     2 |       ||     2
       Tin of tremorston |       |       |       |       |     2 ||     2
  Use: Potion            |     1 |       |     1 |     8 |     6 ||    16
       Scroll            |     1 |       |       |     1 |     2 ||     4
 Stab: Paralysed         |       |       |       |     9 |       ||     9
Armor: Gold dragon scale |     1 |       |    57 |    36 |    28 ||   122
Dodge: Dodged            |       |       |     4 |     1 |     2 ||     7
Block: Kite shield       |     6 |     2 |   137 |   170 |    96 ||   411

Table legend: (Time is in decaauts)
 A = Elapsed time spent in this place.
 B = Non-inter-level travel time spent in this place.
 C = Inter-level travel time spent in this place.
 D = Time resting spent in this place.
 E = Time spent auto-exploring this place.
 F = Levels seen in this place.
 G = Mean time per level.
                   A        B        C        D        E       F      G
               +--------+--------+--------+--------+--------+-----+--------+
         Total |   1472 |   1472 |      0 |    800 |      0 |   1 | 1472.0 |
       Dungeon |   1472 |   1472 |      0 |    800 |      0 |   1 | 1472.0 |
               +--------+--------+--------+--------+--------+-----+--------+

Top non-repeatable levels by time:
       D: 1472 daAuts
